 Dungeon Crawl Stone Soup version 0.22-a0-433-gd2a9cce (webtiles) character file.

94 Supreme the Magician (level 4, -3/32 HPs)
             Began as a Gnoll Wizard on May 27, 2018.
             Engulfed by a cloud of flame (15 damage)
             ... on level 4 of the Dungeon.
             The game lasted 00:20:25 (1769 turns).

Supreme the Magician (Gnoll Wizard)                 Turns: 1769, Time: 00:20:26

Health: -3/32      AC:  7    Str:  9    XL:     4   Next: 63%
Magic:  3/13       EV: 14    Int: 21    God:
Gold:   111        SH:  0    Dex: 14    Spells: 6/17 levels left

rFire    . . .     SeeInvis .   i - +1 whip (elec)
rCold    . . .     Gourm    .   (no shield)
rNeg     . . .     Faith    .   a - +0 robe
rPois    .         Spirit   .   b - +0 hat
rElec    .         Reflect  .   k - +2 cloak
rCorr    .         Harm     .   l - +1 pair of gloves
MR       .....                  (no boots)
Stlth    +++.......             (no amulet)
HPRegen  0.10/turn              (no ring)
MPRegen  0.13/turn              (no ring)

@: very slightly contaminated
A: distributed training, fangs 1, strong nose
a: no special abilities


You were on level 4 of the Dungeon.
You were not hungry.

You visited 1 branch of the dungeon, and saw 4 of its levels.

You collected 111 gold pieces.

Inventory:

Hand Weapons
 i - a +1 whip of electrocution (weapon)
Missiles
 c - 51 stones (quivered)
 h - 58 arrows
 o - 3 javelins
Armour
 a - a +0 robe (worn)
 b - a +0 hat (worn)
 k - a +2 cloak (worn)
 l - a +1 pair of gloves (worn)
Scrolls
 e - 3 scrolls of remove curse
 m - a scroll of magic mapping
 n - 4 scrolls of teleportation
Potions
 g - a potion of heal wounds
 q - 2 potions of lignification
 r - a potion of ambrosia
 s - a potion of agility {unknown}
Comestibles
 d - 10 rations


   Skills:
 + Level 1.2 Fighting
 + Level 1.2 Short Blades
 + Level 1.2 Long Blades
 + Level 1.2 Axes
 + Level 1.2 Maces & Flails
 + Level 1.2 Polearms
 + Level 1.2 Staves
 + Level 1.2 Slings
 + Level 1.2 Bows
 + Level 1.2 Crossbows
 + Level 1.2 Throwing
 + Level 1.2 Armour
 + Level 4.6 Dodging
 + Level 4.3 Stealth
 + Level 1.2 Shields
 + Level 1.2 Unarmed Combat
 + Level 7.2 Spellcasting
 + Level 2.2 Conjurations
 + Level 1.0 Hexes
 + Level 1.0 Charms
 + Level 2.2 Summonings
 + Level 1.0 Necromancy
 + Level 2.2 Translocations
 + Level 1.0 Transmutations
 + Level 1.0 Fire Magic
 + Level 1.0 Ice Magic
 + Level 1.0 Air Magic
 + Level 1.0 Earth Magic
 + Level 1.0 Poison Magic
 + Level 1.3 Invocations
 + Level 1.2 Evocations


You had 6 spell levels left.
You knew the following spells:

 Your Spells              Type           Power        Failure   Level  Hunger
a - Magic Dart            Conj           ###.         3%          1    None
b - Blink                 Tloc           N/A          4%          2    None
c - Call Imp              Summ           ###.....     4%          2    None
d - Conjure Flame         Conj/Fire      ##......     13%         3    None
e - Mephitic Cloud        Conj/Pois/Air  ##......     14%         3    None

Your spell library contained the following spells:

 Spells                   Type           Power        Failure   Level  Hunger
 Slow                     Hex            ##......     9%          2    None


Dungeon Overview and Level Annotations

Branches:
Dungeon (4/15)
 Temple: D:4-7

Altars:
Dithmenos
Vehumet


Innate Abilities, Weirdness & Mutations

Your experience applies equally to all skills.
You have very sharp teeth.
Your uncanny sense of smell can sniff out nearby items.


Message History

Press: ? - help, Shift-Dir - straight line, f/p - orc
Aim: an orc, wielding a flail You throw a stone.
Throwing (i - inventory. (/) - cycle)
c - 52 stones (quivered)
Press: ? - help, Shift-Dir - straight line, f/p - orc
Aim: an orc, wielding a flail You throw a stone.
The stone hits the orc.
The orc is lightly wounded.
Casting: Conjure Flame (safe; 13% risk of failure)
Confirm with . or Enter, or press ? or * to list all spells.
Aiming: Conjure Flame (safe; 13% risk of failure)
Press: ? - help, Dir - move target cursor, p - orc The fire ignites!
A magic dart appears from out of thin air!
The magic dart hits you!
Really walk into a travel-excluded area?
Casting: Conjure Flame (safe; 13% risk of failure)
Confirm with . or Enter, or press ? or * to list all spells.
You blink.
You are engulfed in blazing flames.
You die...

...o... .(.....
......Z ∆ "......
....?..############
......o{§(..§...(.#
#####.####§.§.§.# #
#..._§.# #..§§@.#
##(§...# #######


There were no monsters in sight!

Vanquished Creatures
  An orc wizard (D:4)
  An adder (D:2)
  4 dart slugs
  2 leopard geckos (D:1)
  7 hobgoblins
  A jackal (D:2)
  6 kobolds
  A ball python (D:1)
  4 bats
  A frilled lizard (D:3)
  4 goblins
  A leopard gecko skeleton (D:4)
  5 rats
38 creatures vanquished.

Vanquished Creatures (collateral kills)
  An adder (D:2)
  A worm (D:2)
  A giant cockroach (D:2)
  3 jackals (D:2)
  2 kobolds (D:1)
  A rat (D:1)
9 creatures vanquished.

Grand Total: 47 creatures vanquished

Notes
Turn   | Place    | Note
-------+----------+-------------------------------------------
     0 | D:1      | Supreme the Gnoll Wizard began the quest for the Orb.
     0 | D:1      | Reached XP level 1. HP: 13/13 MP: 8/8
   302 | D:1      | Reached XP level 2. HP: 14/19 MP: 10/10
   306 | D:1      | Learned a level 2 spell: Blink
   309 | D:1      | Learned a level 2 spell: Call Imp
   318 | D:1      | Learned a level 2 spell: Slow
   603 | D:1      | Reached XP level 3. HP: 23/25 MP: 11/11
  1028 | D:2      | Reached skill level 1 in Invocations
  1155 | D:2      | Found a shadowy altar of Dithmenos.
  1456 | D:2      | Reached skill level 1 in Fighting
  1456 | D:2      | Reached skill level 1 in Short Blades
  1456 | D:2      | Reached skill level 1 in Long Blades
  1456 | D:2      | Reached skill level 1 in Axes
  1456 | D:2      | Reached skill level 1 in Maces & Flails
  1456 | D:2      | Reached skill level 1 in Polearms
  1456 | D:2      | Reached skill level 1 in Staves
  1456 | D:2      | Reached skill level 1 in Slings
  1456 | D:2      | Reached skill level 1 in Bows
  1456 | D:2      | Reached skill level 1 in Crossbows
  1456 | D:2      | Reached skill level 1 in Throwing
  1456 | D:2      | Reached skill level 1 in Armour
  1456 | D:2      | Reached skill level 1 in Shields
  1456 | D:2      | Reached skill level 1 in Unarmed Combat
  1456 | D:2      | Reached skill level 1 in Evocations
  1600 | D:2      | Reached XP level 4. HP: 32/32 MP: 13/13
  1720 | D:2      | You fall through a shaft for 2 floors!
  1720 | D:4      | Found a radiant altar of Vehumet.
  1729 | D:4      | Learned a level 3 spell: Conjure Flame
  1733 | D:4      | Learned a level 3 spell: Mephitic Cloud
  1745 | D:4      | Reached skill level 1 in Hexes
  1745 | D:4      | Reached skill level 1 in Charms
  1745 | D:4      | Reached skill level 1 in Necromancy
  1745 | D:4      | Reached skill level 1 in Transmutations
  1745 | D:4      | Reached skill level 1 in Fire Magic
  1745 | D:4      | Reached skill level 1 in Ice Magic
  1745 | D:4      | Reached skill level 1 in Air Magic
  1745 | D:4      | Reached skill level 1 in Earth Magic
  1745 | D:4      | Reached skill level 1 in Poison Magic
  1769 | D:4      | Engulfed by a cloud of flame

Vault maps used:
D:1:      minmay_arrival_shattered_statue, nrook_loot_triangle
D:2:      lemuel_coloured_pillars_altar, corexii_shack, minmay_misc_feat_five
D:3:      grunt_temple_overflow_cloverleaf, grunt_ministairs_2, uniq_grinder,
          uniq_ijyb
D:4:      fiery_altar_vehumet, led_sif_pool

Skill      XL: |  1  2  3  4 |
---------------+-------------+-----
Conjurations   | 2 |  2.2
Summonings     | 2 |  2.2
Translocations | 2 |  2.2
Invocations    | 1 |  1.3
Fighting       | 1 |  1.2
Short Blades   | 1 |  1.2
Long Blades    | 1 |  1.2
Axes           | 1 |  1.2
Maces & Flails | 1 |  1.2
Polearms       | 1 |  1.2
Staves         | 1 |  1.2
Slings         | 1 |  1.2
Bows           | 1 |  1.2
Crossbows      | 1 |  1.2
Throwing       | 1 |  1.2
Armour         | 1 |  1.2
Shields        | 1 |  1.2
Unarmed Combat | 1 |  1.2
Evocations     | 1 |  1.2
Hexes          | 1 |  1.0
Charms         | 1 |  1.0
Necromancy     | 1 |  1.0
Transmutations | 1 |  1.0
Fire Magic     | 1 |  1.0
Ice Magic      | 1 |  1.0
Air Magic      | 1 |  1.0
Earth Magic    | 1 |  1.0
Poison Magic   | 1 |  1.0
Dodging        | |  4.6
Stealth        | |  4.3
Spellcasting   | |  7.2

Action                   |  1- 3 |  4- 6 || total
-------------------------+-------+-------++-------
Melee: Unarmed           |    10 |       ||    10
       Whip              |     6 |    11 ||    17
       Mace              |    42 |       ||    42
       Bite              |     5 |     1 ||     6
       Short sword       |    12 |       ||    12
       Dagger            |     7 |       ||     7
       Punch             |       |     1 ||     1
Throw: Stone             |     4 |    14 ||    18
       Javelin           |     3 |       ||     3
 Cast: Magic Dart        |    22 |     7 ||    29
       Call Imp          |     9 |       ||     9
       Conjure Flame     |       |     2 ||     2
       Blink             |       |     1 ||     1
  Use: Scroll            |     9 |       ||     9
 Stab: Sleeping          |     8 |       ||     8
  Eat: Chunk             |     2 |     1 ||     3
Armor: Robe              |    21 |     3 ||    24
Dodge: Dodged            |    62 |     5 ||    67

Table legend:
 A = Spawn XP
 B = Non-spawn XP
 C = Spawn XP percentage of total XP
 D = Spawn monster count
 E = Non-spawn monster count
 F = Spawn count percentage of total count
 G = Total turns spent on level
                    A         B        C        D         E        F      G
               +---------+---------+-------+---------+---------+-------+---------
         Total |       0 |     135 |   0.0 |       0 |      47 |   0.0 |  1769
               +---------+---------+-------+---------+---------+-------+---------
           D:1 |       0 |      51 |   0.0 |       0 |      27 |   0.0 |   996
           D:2 |       0 |      42 |   0.0 |       0 |      16 |   0.0 |   687
           D:3 |       0 |       2 |   0.0 |       0 |       2 |   0.0 |    37
           D:4 |       0 |      40 |   0.0 |       0 |       2 |   0.0 |    49
               +---------+---------+-------+---------+---------+-------+---------
